 Dungeon Crawl Stone Soup version 0.23.2-1-ga50397a (webtiles) character file.

Game seed: 14042817401996009651

95 redwoodhats the Cutter (level 4, -1/35 HPs)
             Began as a Barachi Gladiator on Apr 15, 2019.
             Slain by an adder (4 damage)
             ... on level 3 of the Dungeon.
             The game lasted 00:06:38 (2161 turns).

redwoodhats the Cutter (Barachi Gladiator)          Turns: 2161, Time: 00:06:40

Health: -1/35      AC:  4    Str: 16    XL:     4   Next: 65%
Magic:  4/4        EV: 13    Int:  8    God:
Gold:   146        SH:  0    Dex: 14    Spells: 3/3 levels left

rFire    . . .     SeeInvis .   i - +1 whip (vamp)
rCold    . . .     Gourm    .   (no shield)
rNeg     . . .     Faith    .   b - +0 leather armour
rPois    .         Spirit   .   c - +0 helmet
rElec    .         Reflect  .   (no cloak)
rCorr    .         Harm     .   (no gloves)
MR       .....                  (no boots)
Stlth    +.........             (no amulet)
HPRegen  0.11/turn              (no ring)
MPRegen  0.09/turn              (no ring)

@: lethally poisoned (-1 -> -8), slow
A: +LOS, swims, slowness 1, strong legs 1
a: Hop


You were on level 3 of the Dungeon.
You were not hungry.

You visited 1 branch of the dungeon, and saw 3 of its levels.

You collected 146 gold pieces.

Inventory:

Hand Weapons
 a - a +0 rapier
 i - a +1 vampiric whip (weapon)
Missiles
 d - 3 throwing nets (quivered)
Armour
 b - a +0 leather armour (worn)
 c - a +0 helmet (worn)
Jewellery
 l - an uncursed ring of fire {unknown}
 s - an uncursed ring of protection from magic {unknown}
Scrolls
 j - 4 scrolls of teleportation {unknown}
 o - 3 scrolls of noise {unknown}
 p - 3 scrolls of identify {unknown}
 q - a scroll of fog {unknown}
Potions
 e - a potion of heal wounds {unknown}
 g - a potion of invisibility {unknown}
 h - 2 potions of curing {unknown}
 k - 2 potions of magic {unknown}
 m - a potion of agility {unknown}
 n - a potion of mutation {unknown}
 r - 2 potions of haste {unknown}
Comestibles
 f - 4 rations


   Skills:
 + Level 3.1 Fighting
 + Level 4.0 Short Blades
 + Level 1.6 Maces & Flails
 + Level 2.0 Throwing
 + Level 1.9 Armour
 + Level 3.9 Dodging
 + Level 0.6 Stealth


You had 3 spell levels left.
You didn't know any spells.
Your spell library was empty.

Dungeon Overview and Level Annotations

Branches:
Dungeon (3/15)

Altars:


Innate Abilities, Weirdness & Mutations

Shadows flee at your approach. (+LOS)
You can swim through water.
You cover ground slowly.
You can hop short distances.


Message History

The adder is severely wounded.
The adder closely misses you. The kobold hits you but does no damage.
The adder bites you but does no damage.
You closely miss the adder.
The adder is severely wounded.
* * * LOW HITPOINT WARNING * * *
You feel sick. The adder bites you but does no damage. The kobold misses you.
You closely miss the adder.
The adder is severely wounded.
The adder closely misses you.
A goblin comes into view. It is wielding a +0 dagger.
The kobold closely misses you.
You barely miss the adder.
The adder is severely wounded.
The goblin shouts!
The adder bites you.
* * * LOW HITPOINT WARNING * * *
You are more poisoned.
The adder poisons you! The adder bites you.
You die...

####...............##...
###... .g# #......# #...
...... #.# #..#.#.####...
##.!...#.####.............
.......#....#.#......)<รท..
#......#..................
#.....$....!..#.##.####...
..........................
.#####.K@....###..####...
###.S..## #..# #...
#..........# ....
##.######.## ##... #.# ....
#.# ###. ..# . ##


You could see an adder, a goblin and a kobold.

Vanquished Creatures
  An adder (D:3)
  A shadow imp (D:2)
  An ooze (D:3)
  A worm (D:2)
  3 dart slugs
  2 leopard geckos (D:2)
  3 giant cockroaches (D:1)
  8 hobgoblins
  12 jackals
  2 quokkas (D:2)
  A ball python (D:1)
  9 bats
  4 frilled lizards
  7 kobolds
  3 rats
58 creatures vanquished.

Notes
Turn   | Place    | Note
-------+----------+-------------------------------------------
     0 | D:1      | redwoodhats the Barachi Gladiator began the quest for the
                  | Orb.
     0 | D:1      | Reached XP level 1. HP: 17/17 MP: 1/1
   148 | D:1      | Reached XP level 2. HP: 18/23 MP: 2/2
   206 | D:1      | Reached skill level 1 in Armour
   276 | D:1      | HP: 1/23 [jackal (1)]
   617 | D:1      | Reached XP level 3. HP: 21/28 MP: 3/3
  1365 | D:2      | Reached skill level 4 in Short Blades
  1431 | D:2      | Reached XP level 4. HP: 32/35 MP: 4/4
  1600 | D:2      | Reached skill level 1 in Maces & Flails
  2161 | D:3      | Slain by an adder

Skill      XL: |  1  2  3  4 |
---------------+-------------+-----
Armour         | 1 |  1.9
Fighting       | 3 |  3.1
Short Blades   | 4 |  4.0
Maces & Flails | 1 |  1.6
Throwing       | |  2.0
Dodging        | |  3.9
Stealth        | |  0.6

Action                   |  1- 3 |  4- 6 || total
-------------------------+-------+-------++-------
Melee: Rapier            |    63 |       ||    63
       Whip              |    57 |   143 ||   200
 Stab: Sleeping          |     1 |     1 ||     2
  Eat: Ration            |     2 |     1 ||     3
Armor: Leather armour    |    49 |    61 ||   110
Dodge: Dodged            |   158 |   170 ||   328
